 Dungeon Crawl Stone Soup version 0.32-a0-685-g93135e8 (webtiles) character file.

Game seed: 12323397580899617780

204003 Toastz the Warrior (level 18, -1/160 HPs)
             Began as a Merfolk Monk on Mar 11, 2024.
             Was the Champion of Beogh.
             Slain by Wargrak the orc apostle
             ... wielding a +3 heavy battleaxe
              (93 damage)
             ... on level 3 of the Snake Pit on Mar 12, 2024.
             The game lasted 01:48:27 (30413 turns).

Toastz the Warrior (Merfolk Monk)                  Turns: 30413, Time: 01:48:28

Health: -1/160     AC: 25    Str: 11    XL:     18   Next: 63%
Magic:  25/25      EV: 24    Int: 10    God:    Beogh [******]
Gold:   3069       SH: 22    Dex: 30    Spells: 17/17 levels left

rFire   . . .        a - +8 demon blade (elec)
rCold   + . .        U - +0 kite shield {rN+}
rNeg    + . .        x - +4 ring mail {rC+}
rPois   +            i - +2 helmet {SInv}
rElec   .            V - +2 cloak {rCorr}
rCorr   +            y - +2 pair of gloves
SInv    +            w - +2 pair of boots
Will    +....        A - amulet of reflection
Stlth   ++           p - +6 ring of dexterity
HPRegen 0.46/turn    B - ring of poison resistance
MPRegen 0.19/turn

%: reflection
@: studying Long Blades
A: walk on water, (nimble swimmer 2), mertail
}: 1/15 runes: decaying
a: Renounce Religion, Smiting, Recall Apostles, Blood for Blood, Dismiss
Garbold, priest, Dismiss Zorug, warrior, Dismiss Bogwik, wizard


You were on level 3 of the Snake Pit.
You worshipped Beogh.
Beogh was exalted by your worship.
You visited 6 branches of the dungeon, and saw 30 of its levels.
You also visited: Ossuary, Bailey and Gauntlet.

You collected 4201 gold pieces.
You spent 1132 gold pieces at shops.

Inventory:

Hand Weapons
 a - a +8 demon blade of electrocution (weapon)
 b - a +4 double sword of holy wrath
Missiles
 e - 5 throwing nets
 u - 3 curare-tipped darts (quivered)
 T - 8 silver javelins
Armour
 i - a +2 helmet of see invisible (worn)
 w - a +2 pair of boots (worn)
 x - a +4 ring mail of cold resistance (worn)
 y - a +2 pair of gloves (worn)
 U - a +0 kite shield of positive energy (worn)
 V - a +2 cloak of preservation (worn)
Jewellery
 d - a ring of protection from fire
 p - a +6 ring of dexterity (left hand)
 A - an amulet of reflection (around neck)
 B - a ring of poison resistance (right hand)
 C - a ring of flight
 G - an amulet of the acrobat
 K - a ring of protection from cold
Wands
 s - a wand of polymorph (25)
 F - a wand of iceblast (31)
 J - a wand of mindburst (32)
 L - a wand of charming (18)
 Z - a wand of digging (16)
Scrolls
 f - 4 scrolls of poison
 j - 14 scrolls of teleportation
 k - a scroll of silence
 l - 6 scrolls of vulnerability
 n - 6 scrolls of immolation
 r - 4 scrolls of fog
 D - 4 scrolls of enchant armour
 E - 3 scrolls of revelation
 H - a scroll of butterflies
 M - 7 scrolls of noise
 N - 6 scrolls of blinking
 W - a scroll of torment
 X - 4 scrolls of fear
Potions
 c - 3 potions of ambrosia
 g - 5 potions of attraction
 h - 11 potions of mutation
 m - 10 potions of curing
 o - 8 potions of brilliance
 q - 4 potions of resistance
 t - 4 potions of lignification
 z - 4 potions of heal wounds
 I - 5 potions of haste
 O - 2 potions of berserk rage
 P - 9 potions of enlightenment
 Q - 2 potions of invisibility
 R - 6 potions of might
 S - 3 potions of magic
 Y - 3 potions of cancellation
Miscellaneous
 v - a tin of tremorstones (2/2)


   Skills:
 + Level 19.3 Fighting
 - Level 18.0 Long Blades
 + Level 9.9 Armour
 - Level 15.0 Dodging
 - Level 17.0 Shields
 - Level 10.0 Invocations


You had 17 spell levels left.
You didn't know any spells.
Your spell library contained the following spells:

 Spells                   Type           Power      Damage    Failure   Level
 Apportation              Tloc           0%         N/A       80%         1
 Sandblast                Erth           0%         2d4       80%         1
 Blink                    Tloc           0%         N/A       91%         2
 Ensorcelled Hibernation  Hex/Ice        0%         N/A       91%         2
 Jinxbite                 Hex            0%         N/A       91%         2
 Lesser Beckoning         Tloc           0%         N/A       91%         2
 Momentum Strike          Conj/Tloc      0%         3d8       91%         2
 Call Canine Familiar     Summ           0%         N/A       99%         3
 Dazzling Flash           Conj/Hex       0%         N/A       99%         3
 Fugue of the Fallen      Necr           0%         N/A       99%         3
 Gell's Gravitas          Tloc           0%         N/A       99%         3
 Hailstorm                Conj/Ice       0%         3d5       99%         3
 Mephitic Cloud           Conj/Alch/Air  0%         N/A       99%         3
 Ozocubu's Armour         Ice            0%         N/A       99%         3
 Passwall                 Erth           0%         N/A       99%         3
 Sigil of Binding         Hex            0%         N/A       99%         3
 Stone Arrow              Conj/Erth      0%         3d7       99%         3
 Swiftness                Air            0%         N/A       99%         3
 Teleport Other           Tloc           0%         N/A       99%         3
 Tukima's Dance           Hex            0%         N/A       99%         3
 Anguish                  Hex/Necr       0%         N/A       100%        4
 Brom's Barrelling Bould  Conj/Erth      0%         2d3       100%        4
 Dimensional Bullseye     Hex/Tloc       0%         N/A       100%        4
 Iskenderun's Mystic Bla  Conj/Tloc      0%         2d3       100%        4
 Manifold Assault         Tloc           0%         N/A       100%        4
 Passage of Golubria      Tloc           0%         N/A       100%        4
 Summon Lightning Spire   Summ/Air       0%         N/A       100%        4
 Vhi's Electric Charge    Tloc/Air       0%         N/A       100%        4
 Alistair's Intoxication  Alch           0%         N/A       100%        5
 Arcjolt                  Conj/Air       0%         1d10      100%        5
 Curse of Agony           Necr           0%         N/A       100%        5
 Metabolic Englaciation   Hex/Ice        0%         N/A       100%        5
 Silence                  Hex/Air        0%         N/A       100%        5
 Yara's Violent Unravell  Hex/Alch       0%         3d3       100%        5
 Dispersal                Tloc           0%         N/A       100%        6
 Plasma Beam              Fire/Air       0%         2x1d10    100%        6
 Enfeeble                 Hex            0%         N/A       100%        7
 Lehudib's Crystal Spear  Conj/Erth      0%         10d2      100%        8
 Dragon's Call            Summ           0%         N/A       100%        9


Dungeon Overview and Level Annotations

Branches:
Dungeon (15/15)            Temple (1/1) D:4            Lair (5/5) D:8
  Swamp (4/4) Lair:2        Snake (3/4) Lair:2        Slime (0/5) Lair:5
    Orc (2/2) D:9             Elf (0/3) Orc:2        Vaults (0/5) D:14
 Depths (0/4) D:15        Ossuary (visited)          Bailey (visited)
Gauntlet (visited)

Altars:
Ashenzari
Cheibriados
Dithmenos
Elyvilon
Fedhas
Gozag
Hepliaklqana
Kikubaaqudgha
Makhleb
Nemelex Xobeh
Okawaru
Qazlal
Ru
Sif Muna
Trog
Uskayaw
Vehumet
Wu Jian
Xom
Yredelemnul
Zin
The Shining One
Beogh
Jiyva

Shops:
D:6 (   D:10 (   D:12 =   Orc:1 *   Orc:2 (:*(   Snake:1 =:=   Snake:2 ([[(!

Annotations:
Temple 2 transporters
Abyss:1 Maurice; Toastz's ghost, journeyman CoMo


Innate Abilities, Weirdness & Mutations

You can walk on water.
Your facial features are unmistakably orcish.
((You are very nimble when in or above water. (Stealth+, EV+, Speed+++)))
Your lower body shifts to a powerful aquatic tail in water.


Message History

You catch the helpless orc knight completely off-guard!
You hit the orc knight but do no damage.
The orc knight is lightly wounded.
Your cerulean imp hits the orc knight but does no damage.
Garbold misses the orc knight.
You hit the orc knight.
Lightning courses through the orc knight!
The orc knight is moderately wounded.
Zorug hits the orc knight with a +2 halberd of flaming.
Zorug burns the orc knight.
You block the orc knight's attack.
Your cerulean imp hits the orc knight but does no damage.
Garbold prays to Beogh.
Bogwik's wounds begin to rapidly close.
You hit the orc knight.
Lightning courses through the orc knight!
The orc knight is severely wounded.
Your followers are invigorated by your prowess.
Zorug closely misses the orc knight.
The orc knight roars a battlecry!
Wargrak goes into a battle-frenzy!
You barely miss the orc knight.
The orc knight is severely wounded.
Your cerulean imp completely misses the orc knight.
Garbold hits the orc knight but does no damage.
Zorug hits the orc knight but does no damage.
You slice the orc knight!!
You kill the orc knight!
That felt strangely unrewarding.
Your cerulean imp hits the troll from afar with a +1 spear!
The troll bites you but does no damage. You block the troll's attack. x2
Garbold completely misses the troll.
Bogwik gestures at the cyclops while chanting.
The bolt of fire hits the cyclops!!!
Zorug hits the troll from afar with a +2 halberd of flaming!
Zorug burns the troll.
You block the troll's attack. The troll misses you.
You block the troll's attack.
Your cerulean imp misses the troll.
Wargrak hits you with a +3 heavy battleaxe!!!!
Ouch! That really hurt!
You die...
Beogh appreciates Wargrak's killing of a heretic priest.

♣~~≈≈≈≈≈≈~~~~†....#
♣P≈≈≈≈≈≈~~~~..).>.###
♣~≈≈≈≈≈~≈P~P~~.(....#
♣♣~≈≈≈≈~~~P~~~......#
♣♣~≈≈≈~~~~~~P......#
♣P≈~≈~~~P~~~......#
♣♣~~PP~~~~~~...[#.#
♣♣♣♣♣######.o.5###
#.T@o^### ##.C*o...#
#...o....#
###......## #.....<.#
#.......# #.......#
##......###
##.......##


You could see Wargrak the orc apostle (strong, divinely empowered), a cyclops
(distracted, ally target), a troll (ally target), the friendly Bogwik the orc
apostle (regenerating), the friendly Garbold the orc apostle, the friendly Zorug
the orc apostle, a friendly battlesphere and a friendly cerulean imp (summoned).

Vanquished Creatures
  Jorgrun (D:13)
  Mlioglotl (Swamp:2)
  Frances (Swamp:2)
  Kirke (Swamp:1)
  2 nagarajas (Snake:2)
  An iron dragon (D:14)
  An ironbound preserver (D:14)
  Louise (Snake:2)
  A stone giant (D:13)
  The ghost of Tucluoh the Eclecticist, a journeyman DECj of Sif Muna (D:15)
  4 bunyips
  An eleionoma (Swamp:3)
  A minotaur (Gauntlet)
  An ettin (D:15)
  Snorg (D:13)
  2 fire dragons (D:15)
  Josephine (Orc:1)
  The ghost of Gyelium the Black Belt, a journeyman OpBe of Trog (Lair:1)
  A rakshasa (D:14)
  Erolcha (D:12)
  3 ghost crabs
  3 hydras
  An ogre mage (D:13)
  2 catoblepae
  Erica (D:10)
  2 boulder beetles
  An anaconda (Snake:3)
  2 centaur warriors
  7 alligators
  A death knight (D:13)
  2 tengu warriors (D:14)
  A death yak (Lair:5)
  2 hell hogs (Lair:5)
  6 two-headed ogres
  3 naga warriors
  4 naga sharpshooters
  4 shock serpents
  An orc high priest (Orc:2)
  2 goliath frogs (Swamp:1)
  2 naga ritualists
  4 mana vipers
  2 sea snakes
  8 swamp dragons
  5 spriggan druids
  7 bog bodies
  Pikel (D:8)
  2 orc knights
  A sphinx simulacrum (D:15)
  2 deep elf pyromancers
  An orc sorcerer (Orc:1)
  An oklob plant (Gauntlet)
  6 cyclopes
  A manticore (D:12)
  7 ugly things
  6 salamanders
  5 elephants
  2 will-o-the-wisps (Swamp:3)
  2 kobold blastminers
  2 guardian serpents
  8 naga magi
  7 cane toads
  27 black mambas
  A torpor snail (Lair:4)
  Joseph (D:7)
  Jeremiah (D:8)
  4 gargoyles
  2 unseen horrors (D:11)
  A yaktaur (D:13)
  5 komodo dragons
  Maggie (D:6)
  A queen bee (shapeshifter) (D:15)
  2 polar bears
  3 hornets
  4 trolls
  A wolf spider simulacrum (D:14)
  6 tyrant leeches
  Prince Ribbit (D:8)
  9 blink frogs
  2 dream sheep (Lair:1)
  3 shadows
  5 wraiths
  6 slime creatures
  5 spriggans
  2 centaur simulacra (D:13)
  7 wyverns
  2 hogs (Swamp:1)
  27 yaks
  2 fire bats (Lair:4)
  4 basilisks
  3 steam dragons
  9 vampire mosquitoes
  6 swamp worms
  15 nagas
  12 water moccasins
  4 acid dragons
  4 swamp drakes
  Duvessa (D:6)
  An ice beast (D:13)
  2 meliai simulacra (D:13)
  8 orc warriors
  A laughing skull (D:15)
  6 wolves
  4 ogres
  3 boggarts (D:14)
  5 centaurs
  A kobold brigand (D:9)
  7 bullfrogs
  2 weeping skulls (Ossuary)
  3 wights (D:9)
  Dowan (D:6)
  4 killer bees (D:11)
  An electric eel (D:10)
  4 howler monkeys
  4 lava snakes (Lair:5)
  8 crimson imps (D:6)
  A human zombie (Ossuary)
  A hound (D:5)
  2 jellies
  2 bombardier beetles
  9 orc priests
  A bullfrog skeleton (D:7)
  2 gnoll boudas
  Crazy Yiuf (D:6)
  2 sleepcaps
  Jessica (D:2)
  Terence (D:2)
  8 orc wizards
  4 scorpion zombies (D:7)
  Natasha (thrice) (D:4)
  3 iguanas
  4 hell rats (Lair:4)
  5 mummies (Ossuary)
  3 howler monkey skeletons (D:7)
  13 gnolls
  An adder (D:3)
  A shadow imp (D:5)
  3 white imps
  An ufetubus (D:7)
  A dart slug (D:1)
  A ribbon worm (D:3)
  12 orcs
  7 ball pythons
  5 bats
  7 endoplasms
  3 giant cockroaches
  5 goblins
  6 hobgoblins
  3 jackals (D:1)
  5 quokkas
  4 frilled lizards
  2 gnoll zombies (Ossuary)
  12 kobolds
  2 kobold zombies (Ossuary)
  5 rats
561 creatures vanquished.

Vanquished Creatures (collateral kills)
  A tentacled monstrosity (Swamp:3)
  A thorn hunter (Swamp:4)
  A tengu reaver (D:13)
  The ghost of Miomu the Cleaver, a journeyman CoBe of Trog (Lair:2)
  An ettin (D:13)
  A fire dragon (Lair:4)
  3 alligators
  16 hydras
  A catoblepas (D:14)
  4 anacondas
  4 centaur warriors
  A boulder beetle (D:15)
  3 naga warriors (Snake:1)
  A tengu warrior (D:15)
  A two-headed ogre (D:15)
  2 death yaks (Lair:5)
  2 orc high priests (Orc:2)
  3 shock serpents
  A skeletal warrior (D:14)
  A salamander mystic (Snake:3)
  A fire crab (Lair:5)
  9 mana vipers
  3 goliath frogs
  2 naga ritualists (Snake:1)
  2 swamp dragons (Swamp:4)
  A lindwurm (Lair:2)
  6 bog bodies
  The ghost of Dhd the Trooper, a novice VSBr of Wu Jian (D:7)
  2 deep elf pyromancers
  5 ugly things (D:15)
  An orc knight (Orc:1)
  A manticore (D:14)
  2 cyclopes
  2 salamanders (Snake:3)
  3 orc sorcerers (Orc:2)
  8 elephants
  6 black mambas
  7 slime creatures
  A kobold blastminer (Orc:2)
  A naga mage (Snake:2)
  A torpor snail (Lair:1)
  4 cane toads
  2 molten gargoyles (Lair:5)
  A gargoyle (D:12)
  A kobold demonologist (D:13)
  6 komodo dragons
  Psyche (D:12)
  2 rime drakes
  An unseen horror (D:12)
  A tyrant leech (Swamp:1)
  3 trolls
  7 blink frogs
  2 dream sheep (Lair:1)
  A centaur simulacrum (D:14)
  A wraith (D:12)
  A fire bat (Lair:4)
  A spriggan (Swamp:2)
  5 shadows
  A water elemental (D:13)
  A hog (Swamp:1)
  6 basilisks
  A steam dragon (Lair:5)
  Grum (D:8)
  A wyvern (Lair:5)
  25 yaks
  A warg (Orc:1)
  3 vampire mosquitoes
  13 nagas
  3 swamp worms (Swamp:4)
  An acid dragon (Gauntlet)
  5 hell hounds (Lair:5)
  6 water moccasins
  4 orc warriors
  An ice beast (D:13)
  2 swamp drakes (Swamp:4)
  A black bear (D:7)
  4 laughing skulls
  A sky beast (D:8)
  4 wolves
  2 boggarts (D:14)
  3 centaurs
  A lemure (D:8)
  3 bullfrogs
  2 gnoll sergeants
  2 electric eels
  A howler monkey (D:8)
  A centaur zombie (Ossuary)
  A lava snake (Lair:5)
  A gnoll bouda (D:8)
  A jelly (D:7)
  8 orc priests
  4 orc wizards (Orc:2)
  3 hell rats (Lair:4)
  A boggart simulacrum (D:13)
  A mummy (Ossuary)
  7 gnolls
  2 ufetubi (D:13)
  2 orcs
  A gnoll zombie (Ossuary)
  6 kobolds (Bailey)
  An orc zombie (Ossuary)
293 creatures vanquished.

Vanquished Creatures (others)
  15 orc apostles
  A bloated husk (Swamp:2)
  2 hornets
  A spriggan (Swamp:4)
  A swamp worm (Swamp:2)
  3 swamp drakes (Swamp:4)
  An orc warrior (Orc:2)
  17 orc priests (Orc:2)
  10 orc wizards (Orc:2)
  An ufetubus (D:13)
  6 orcs
  A kobold (Bailey)
  14 foxfires (Swamp:3)
73 creatures vanquished.

Grand Total: 927 creatures vanquished

Notes
Turn   | Place    | Note
-------+----------+-------------------------------------------
     0 | D:1      | Toastz the Merfolk Monk began the quest for the Orb.
     0 | D:1      | Reached XP level 1. HP: 18/18 MP: 1/1
   149 | D:1      | Reached XP level 2. HP: 24/24 MP: 2/2
   382 | D:1      | Reached XP level 3. HP: 29/29 MP: 3/3
   888 | D:2      | Noticed Jessica
   899 | D:2      | Killed Jessica
   900 | D:2      | Reached XP level 4. HP: 20/37 MP: 4/4
   928 | D:2      | Noticed Terence
   940 | D:2      | Killed Terence
   941 | D:2      | Reached skill level 4 in Fighting
   941 | D:2      | Reached skill level 5 in Long Blades
  1132 | D:2      | Found a hide-covered altar of Uskayaw.
  1344 | D:3      | Became a worshipper of Beogh the Shepherd
  1344 | D:3      | Reached * piety under Beogh
  1344 | D:3      | Reached ** piety under Beogh
  1445 | D:3      | Reached XP level 5. HP: 42/42 MP: 5/5
  1494 | D:3      | Reached skill level 5 in Dodging
  1930 | D:4      | Noticed Natasha
  1930 | D:4      | Found a staircase to the Ecumenical Temple.
  1936 | D:4      | Killed Natasha
  1976 | D:4      | Noticed an ogre
  1979 | D:4      | Killed an ogre
  1980 | D:4      | Reached skill level 1 in Invocations
  1980 | D:4      | Reached XP level 6. HP: 49/49 MP: 2/7
  1995 | D:4      | Identified the +2 robe "Yrphealipt" {^Contam rCorr Int+7}
  2007 | Temple   | Found a transporter.
  2007 | Temple   | Found a transporter.
  2007 | Temple   | Found a transporter.
  2007 | Temple   | Found a transporter.
  2007 | Temple   | Entered the Ecumenical Temple
  2335 | D:4      | Found a hide-covered altar of Uskayaw.
  2338 | D:4      | Noticed a +0 hand axe
  2338 | D:4      | Noticed a +0 dagger
  2338 | D:4      | Noticed Natasha
  2348 | D:4      | Killed Natasha
  2769 | D:4      | Found an ornate altar of the Wu Jian Council.
  2772 | D:4      | Found a stormy altar of Qazlal.
  2780 | D:4      | Found a basalt altar of Yredelemnul.
  2842 | D:4      | Noticed Natasha
  2852 | D:4      | Killed Natasha
  2902 | D:5      | Entered Level 5 of the Dungeon
  2913 | D:5      | Reached XP level 7. HP: 55/55 MP: 8/8
  3129 | D:5      | Found a shadowy altar of Dithmenos.
  3543 | D:5      | Reached skill level 5 in Fighting
  3844 | D:6      | Noticed Maggie
  3853 | D:6      | Killed Maggie
  3854 | D:6      | Reached XP level 8. HP: 47/63 MP: 6/10
  4076 | D:6      | Found Leunicyth's Weapon Shop.
  4346 | D:6      | Noticed Duvessa
  4357 | D:6      | Killed Duvessa
  4554 | D:6      | Noticed Dowan
  4556 | D:6      | Killed Dowan
  4863 | D:6      | Reached skill level 6 in Fighting
  5162 | D:6      | Found a runed translucent door.
  5163 | D:6      | Noticed Crazy Yiuf
  5233 | D:6      | Killed Crazy Yiuf
  5329 | D:7      | Reached XP level 9. HP: 71/71 MP: 12/12
  5369 | D:7      | Found a sand-covered staircase.
  5384 | D:7      | Reached *** piety under Beogh
  5401 | D:7      | Noticed Morguth
  5409 | D:7      | Anointed Morguth the wizard as your apostle
  5417 | Ossuary  | Entered an ossuary
  5471 | Ossuary  | Reached skill level 5 in Invocations
  5649 | Ossuary  | Reached skill level 10 in Long Blades
  5790 | D:7      | Identified the +4 hand axe "Boveb" {pain, rF+ rN++}
  5809 | D:7      | Noticed Maurice
  5835 | D:7      | Reached skill level 7 in Fighting
  5835 | D:7      | Banished Maurice
  5836 | D:7      | Reached skill level 1 in Armour
  5836 | D:7      | Reached skill level 1 in Shields
  5884 | D:6      | Identified the +6 dagger of Excruciating Pain {freeze,
                  | Will+ Str+3 Dex+2 Stlth+}
  5884 | D:6      | Noticed Warrok
  5889 | D:6      | Anointed Warrok the wizard as your apostle
  6062 | D:7      | Noticed a cyclops
  6068 | D:7      | Killed a cyclops
  6149 | D:7      | Noticed Joseph
  6155 | D:7      | Killed Joseph
  6156 | D:7      | Reached XP level 10. HP: 47/80 MP: 0/13
  6344 | D:7      | Found a large runed translucent door.
  6344 | D:7      | Found a large runed translucent door.
  6344 | D:7      | Noticed Dhd's ghost (novice VSBr)
  6506 | D:7      | Reached skill level 8 in Fighting
  6721 | D:7      | Killed Dhd's ghost
  6922 | D:8      | Noticed Grum
  6933 | D:8      | Killed Grum
  6949 | D:8      | Found a flagged portal.
  6952 | D:8      | Noticed Prince Ribbit
  6958 | D:8      | Killed Prince Ribbit
  7052 | Bailey   | Entered a bailey
  7057 | Bailey   | Noticed an orc warlord
  7115 | Bailey   | Found a runed translucent gate.
  7115 | Bailey   | Found a runed translucent gate.
  7115 | Bailey   | Found a runed translucent gate.
  7257 | Bailey   | Reached **** piety under Beogh
  7470 | Bailey   | Pacified an orc warlord
  7502 | Bailey   | Reached skill level 10 in Fighting
  7502 | Bailey   | Reached skill level 10 in Dodging
  7502 | Bailey   | Reached XP level 11. HP: 86/92 MP: 11/14
  7566 | D:8      | Noticed Pikel
  7575 | D:8      | Killed Pikel
  7608 | D:8      | Found a blossoming altar of Fedhas.
  7608 | D:8      | Noticed Jeremiah
  7612 | D:8      | Killed Jeremiah
  7613 | D:8      | Reached XP level 12. HP: 86/99 MP: 5/15
  7775 | D:8      | Noticed Garbold
  7795 | D:8      | Anointed Garbold the priest as your apostle
  7993 | D:8      | Found a staircase to the Lair.
  8276 | Lair:1   | Entered Level 1 of the Lair of Beasts
  8684 | Lair:1   | Your ally Warrok died
  8688 | Lair:1   | Reached skill level 11 in Fighting
  8691 | Lair:1   | Your ally Morguth died
  8865 | Lair:1   | Noticed a catoblepas
  8875 | Lair:1   | Killed a catoblepas
  9035 | Lair:1   | Identified the +0 robe "Gaecsuy" {Will+ SInv}
  9128 | Lair:1   | Found a runed translucent door.
  9129 | Lair:1   | Noticed Gyelium's ghost (journeyman OpBe)
  9644 | Lair:1   | Killed Gyelium's ghost
  9707 | Lair:1   | Identified the +8 plate armour "Ommos" {rC+ Will- Str+4
                  | Dex-4}
  9800 | Lair:2   | Reached skill level 12 in Fighting
 10002 | Lair:2   | Found a staircase to the Swamp.
 10002 | Lair:2   | Noticed an alligator
 10005 | Lair:2   | Killed an alligator
 10019 | Lair:2   | Reached XP level 13. HP: 109/109 MP: 7/16
 10129 | Lair:2   | Found a runed translucent gate.
 10129 | Lair:2   | Found a runed translucent gate.
 10264 | Lair:2   | Reached skill level 10 in Shields
 10451 | Lair:2   | Reached skill level 13 in Fighting
 10876 | Lair:2   | Found a staircase to the Snake Pit.
 10912 | Lair:2   | Found a runed translucent gate.
 10913 | Lair:2   | Noticed Toastz's ghost (journeyman CoMo)
 10913 | Lair:2   | Noticed Miomu's ghost (journeyman CoBe)
 11141 | Lair:2   | Killed Miomu's ghost
 11143 | Lair:2   | Banished Toastz's ghost
 11233 | Lair:2   | Identified the staff of Fimbulwinter {*Slow rElec rF+ rN+
                  | Earth}
 11466 | Lair:3   | Reached ***** piety under Beogh
 11630 | Lair:3   | Your ally Warrok died
 11700 | Lair:3   | Noticed Wargrak
 11716 | Lair:3   | Anointed Wargrak the warrior as your apostle
 12383 | Lair:4   | Reached XP level 14. HP: 119/119 MP: 18/18
 12386 | Lair:4   | Reached skill level 5 in Armour
 12408 | Lair:4   | Reached skill level 14 in Fighting
 12694 | Lair:4   | Reached skill level 15 in Long Blades
 13194 | Lair:5   | Entered Level 5 of the Lair of Beasts
 13516 | Lair:5   | Found a viscous altar of Jiyva.
 13516 | Lair:5   | Found a staircase to the Slime Pits.
 13962 | Lair:5   | Found a large runed translucent door.
 13962 | Lair:5   | Found a large runed translucent door.
 14250 | Lair:5   | Your ally Morguth died
 14649 | Lair:5   | Your ally Garbold died
 14653 | Lair:5   | Your ally Wargrak died
 15338 | D:9      | Found a staircase to the Orcish Mines.
 15449 | D:9      | Identified the +0 pair of gloves of the Orb {Will+}
 15521 | D:9      | Found a glowing golden altar of the Shining One.
 16084 | D:10     | Entered Level 10 of the Dungeon
 16195 | D:10     | Found Jumiex's Antique Weapon Boutique.
 16313 | D:10     | Found a radiant altar of Vehumet.
 16314 | D:10     | Noticed Erica
 16328 | D:10     | Killed Erica
 16897 | D:10     | Found a sacrificial altar of Ru.
 17569 | D:11     | Found a shimmering blue altar of Sif Muna.
 17596 | D:11     | Reached XP level 15. HP: 127/127 MP: 21/21
 17849 | D:12     | Noticed Psyche
 17943 | Orc:1    | Entered Level 1 of the Orcish Mines
 17943 | Orc:1    | Noticed Josephine
 17955 | Orc:1    | Killed Josephine
 17971 | Orc:1    | Identified the +6 great sword "Oheush" {vamp, Str+6 Stlth+}
 17974 | Orc:1    | Paralysed by an orc sorcerer for 2 turns
 17993 | Orc:1    | Anointed Bogric the warrior as your apostle
 18128 | Orc:1    | Found Imuggic's General Store.
 18141 | Orc:1    | Reached skill level 15 in Fighting
 18428 | Orc:2    | Entered Level 2 of the Orcish Mines
 18428 | Orc:2    | Found a bloodstained altar of Trog.
 18441 | Orc:2    | Found a staircase to the Elven Halls.
 18507 | Orc:2    | Found Rykhis's Book Boutique.
 18507 | Orc:2    | Found Xionoqud's Antique Weapon Shop.
 18582 | Orc:2    | Reached ****** piety under Beogh
 18618 | Orc:2    | Found Situff's General Store.
 18621 | Orc:2    | Found Baecroips's Weapon Boutique.
 18627 | Orc:2    | Bought a book of Battle for 390 gold pieces
 18656 | Orc:2    | Bought a potion of resistance for 150 gold pieces
 18656 | Orc:2    | Bought a scroll of enchant armour for 112 gold pieces
 19299 | Orc:1    | Found a roughly hewn altar of Beogh.
 19579 | D:12     | Noticed Erolcha
 19583 | D:12     | Killed Erolcha
 19584 | D:12     | Killed Psyche
 19640 | D:12     | Identified the +1 ring mail of Too Many Cooks {rElec Will+}
 19654 | D:12     | Found Tatzel's Jewellery Emporium.
 20084 | D:13     | Found a gate leading to a gauntlet.
 20096 | Gauntlet | Entered a Gauntlet
 20096 | Gauntlet | Found a transporter.
 20096 | Gauntlet | Found a transporter.
 20096 | Gauntlet | Found a transporter.
 20097 | Gauntlet | Found a transporter.
 20098 | Gauntlet | Found a transporter.
 20101 | Gauntlet | Found a transporter.
 20119 | Gauntlet | Found a transporter.
 20121 | Gauntlet | Found a transporter.
 20122 | Gauntlet | Found a transporter.
 20124 | Gauntlet | Found a transporter.
 20132 | Gauntlet | Found a transporter.
 20132 | Gauntlet | Found a transporter.
 20604 | Gauntlet | Identified the +6 great mace of the Mind {freeze, rElec
                  | rC+}
 20605 | Gauntlet | Got the Catalogue of Lightning and the Comitatus
 20837 | D:13     | Noticed Snorg
 20844 | D:13     | Killed Snorg
 20863 | D:13     | Identified the +6 war axe of Zexkicli {flame, rN++ Will-}
 20868 | D:13     | Found a runed translucent door.
 20899 | D:13     | Paralysed by an ogre mage for 2 turns
 20966 | D:13     | Noticed a tengu reaver
 20970 | D:13     | Killed a tengu reaver
 21130 | D:13     | Noticed Jorgrun
 21139 | D:13     | Killed Jorgrun
 21140 | D:13     | Reached skill level 15 in Dodging
 21446 | D:14     | Noticed an iron dragon
 21472 | D:14     | Killed an iron dragon
 21497 | D:14     | Your ally Bogric died
 21502 | D:14     | Reached skill level 16 in Fighting
 21502 | D:14     | Reached XP level 16. HP: 89/138 MP: 6/22
 21935 | D:14     | Identified the +0 scimitar of Fortitude {freeze, *Rage
                  | rPois rF+ rCorr Int+3}
 21987 | D:14     | Anointed Zorug the warrior as your apostle
 22122 | D:14     | Found a gate to the Vaults.
 22190 | D:14     | Found the +10 dark maul {heavy}
 22576 | D:15     | Entered Level 15 of the Dungeon
 22615 | D:15     | Found a transporter.
 22615 | D:15     | Noticed Tucluoh's ghost (journeyman DECj)
 22616 | D:15     | Identified the +8 great mace of the Healing Ancients
                  | {drain, Str+6}
 22616 | D:15     | Identified the +6 great mace "Niaff" {freeze, rF+++ rN+
                  | Will- Dex-3}
 22617 | D:15     | Identified the +8 falchion of Imminent Death {flame, rPois
                  | Str+4}
 22969 | D:15     | Found a staircase to the Depths.
 23445 | D:15     | Identified the +6 mace of Valour {speed, Str+3}
 23621 | D:15     | Found a transporter.
 23629 | D:15     | Your ally Garbold died
 23631 | D:15     | Your ally Zorug died
 23637 | D:15     | Killed Tucluoh's ghost
 23928 | Swamp:1  | Entered Level 1 of the Swamp
 23965 | Swamp:1  | Reached skill level 10 in Invocations
 24394 | Swamp:1  | Noticed Kirke
 24405 | Swamp:1  | Noticed a sphinx
 24408 | Swamp:1  | Killed Kirke
 24508 | Swamp:1  | Got the Spellbook of Frostbound Bewitchment
 24540 | Swamp:1  | Reached skill level 15 in Shields
 24703 | Swamp:2  | Identified a scroll of acquirement
 24704 | Swamp:2  | Acquired a +4 double sword of holy wrath
 24882 | Swamp:2  | Reached skill level 17 in Fighting
 24935 | Swamp:2  | Noticed Mlioglotl
 24961 | Swamp:2  | Your ally Wargrak died
 24979 | Swamp:2  | Killed Mlioglotl
 24980 | Swamp:2  | Reached XP level 17. HP: 89/147 MP: 19/24
 25236 | Swamp:2  | Noticed Frances
 25246 | Swamp:2  | Killed Frances
 26107 | Swamp:3  | Noticed a tentacled monstrosity
 26115 | Swamp:3  | Killed a tentacled monstrosity
 26427 | Swamp:4  | Entered Level 4 of the Swamp
 26486 | Swamp:4  | Your ally Garbold died
 26488 | Swamp:4  | Your ally Zorug died
 26494 | Swamp:4  | Your ally Wargrak died
 26568 | Swamp:3  | HP: 4/149 [Bogwik the orc apostle/bolt of fire (38)]
 26574 | Swamp:3  | Anointed Bogwik the wizard as your apostle
 27130 | Swamp:4  | Reached skill level 18 in Fighting
 27410 | Swamp:4  | Got a decaying rune of Zot
 27597 | Swamp:4  | Upgraded the game from 0.32-a0-683-ge26c5db to
                  | 0.32-a0-685-g93135e8
 27718 | Snake:1  | Entered Level 1 of the Snake Pit
 27726 | Snake:1  | Your ally Bogwik died
 28547 | Snake:1  | Reached XP level 18. HP: 152/158 MP: 25/25
 28584 | Snake:1  | Your ally Garbold died
 28927 | Snake:1  | Found Weapposa's Jewellery Shoppe.
 28929 | Snake:1  | Found Riwnugh's Book Boutique.
 28930 | Snake:1  | Found Liqevoh's Jewellery Shoppe.
 28944 | Snake:1  | Bought an amulet of reflection for 480 gold pieces
 29002 | Snake:2  | Found Zoirherph's Antique Weapon Boutique.
 29015 | Snake:2  | Noticed Louise
 29159 | Snake:2  | Killed Louise
 29322 | Snake:2  | Found Ziewat's Distillery.
 29487 | Snake:2  | Found Catus's Armour Boutique.
 29611 | Snake:2  | Found Ocew's Armour Emporium.
 29687 | Snake:2  | Found Tirch's Antique Weapon Shop.
 29956 | Snake:3  | Reached skill level 19 in Fighting
 30413 | Snake:3  | Slain by Wargrak the orc apostle

Illustrated notes

Levels and vault maps discovered:
D:1:      scummos_arrival_checkerplants, layout_rooms,
          nicolae_concentric_dashed_squares_mild
D:2:      layout_rooms, basic_altar, uniq_terence, uniq_jessica
D:3:      layout_basic, minmay_misc_feat_tower
D:4:      layout_gridville, dancing_weapons_uskayaw, grunt_temple_overflow_open,
          minmay_temple_entry_statues_fountains,
          serial_library_hellmonk_big_corner, uniq_natasha
D:5:      layout_rooms, nicolae_overflow_crystal_walls
D:6:      layout_gridville, serial_shops, shop, minmay_nine_imps, uniq_duvessa,
          uniq_crazy_yiuf_cottage, uniq_maggie
D:7:      cheibrodos_barr_body, layout_loops_ring,
          mainiacjoe_ossuary_entry_find_the_door, ebering_ghost_disaster_area,
          dreamdust_mushroom_princess, uniq_maurice, uniq_joseph
D:8:      layout_loops_ring, fedhas_altar_fruit_tree, lair_entry_dummy,
          enter_bailey_2, uniq_prince_ribbit1, uniq_grum, uniq_pikel,
          uniq_jeremiah
D:9:      hellmonk_ruined_rings, layout_loops_corners,
          nicolae_overflow_hidden_temple, orc_0_dummy
D:10:     layout_irregular_city, nicolae_ru_the_path_less_chosen,
          lemuel_round_altar, serial_shops, nicolae_shop_back_alley_shop,
          nrook_pool_corridor, uniq_erica
D:11:     layout_rooms, dk_noncrumbling_4, led_sif_pool
D:12:     layout_rooms, serial_shops, shop, kennysheep_potato, uniq_psyche,
          uniq_erolcha
D:13:     layout_basic, serial_ice, serial_ice_d, serial_ice_i, serial_ice_e,
          serial_ice_a, serial_ice_o, serial_ice_n, serial_ice_c, serial_ice_h,
          gauntlet_entry_generic, minivault_13, uniq_snorg, uniq_jorgrun
D:14:     minmay_roctagon, layout_basic, skrybe_vaults_entry_preservation,
          minmay_misc_feat_pillars
D:15:     grunt_enter_depths_hoard, layout_irregular_city, gammafunk_ghost_smash
Temple:   hellmonk_temple_divided_pantheon
Lair:1:   layout_layer_cave, ebering_ghost_reflecting_pool
Lair:2:   nzn_winding_woodlands_small [nzn_winding_woodlands_5x15_lazy_stream,
          nzn_winding_woodlands_center_triple_pond,
          nzn_winding_woodlands_5x15_crooked], layout_hall_layers,
          mainiacjoe_swamp_entry_lozenge_pond,
          minmay_snake_entry_guardpost_medium, gammafunk_ghost_cemetery
Lair:3:   layout_hall_layers, nicolae_lair_grazing_beasts
          [nicolae_sub_lair_graze_edge, nicolae_sub_lair_graze_edge,
          nicolae_sub_lair_graze_edge, nicolae_sub_lair_graze_edge],
          infiniplex_staircase_pool
Lair:4:   dragon1_lemuel, layout_regular_city
Lair:5:   cheibrodos_lair_end_hotspot, layout_cave_pods, slime_entry_1
Swamp:1:  layout_falls_marsh, hangedman_swamp_ruin_wall, hangedman_swamp_pad,
          swamp_pool_1_2, nicolae_swamp_well_well_well, nicolae_swamp_oxbows,
          nicolae_swamp_long_stream, uniq_kirke
Swamp:2:  layout_basic_swamp, nicolae_swamp_decorative_isthmus,
          infiniplex_staircase_pool_2, uniq_mlioglotl, uniq_frances
Swamp:3:  layout_falls_marsh, evilmike_swamp_ruin_house_3
Swamp:4:  grunt_swamp_rune_castle, layout_basic_swamp, swamp_pool_1_2
Snake:1:  layout_onion_interference, minmay_shop_grove
Snake:2:  nicolae_snake_attic_fulla_snakes, layout_misc_corridors, serial_shops,
          shop, shop, nicolae_shop_crystal, nicolae_shop_advertising_works
          [nicolae_subvault_shop_adworks], nicolae_shop_real_fake_doors,
          uniq_louise
Snake:3:  layout_cave_shapes, serial_bayou_shore_a
Orc:1:    layout_caves, serial_shops, shop, nicolae_orc_beogh_chapel,
          nicolae_orc_bridge_out, uniq_josephine
Orc:2:    st_orc_mages, layout_diamond_mine, basic_altar, guppyfry_library_mini

Skill      XL: |  1  2  3  4  5  6  7  8  9 10 11 12 13 14 15 16 17 18 |
---------------+-------------------------------------------------------+-----
Long Blades    | 4 5 6 7 9 11 13 14 16 18 | 18.0
Fighting       | 4 5 6 7 10 12 13 14 16 17 18 19 | 19.3
Dodging        | 5 6 7 8 10 11 12 13 15 | 15.0
Invocations    | 1 2 3 4 5 6 8 10 | 10.0
Armour         | 2 3 4 6 7 8 9 |  9.9
Shields        | 3 7 9 11 13 15 16 17 | 17.0

Action                     |  1- 3 |  4- 6 |  7- 9 | 10-12 | 13-15 | 16-18 || total
---------------------------+-------+-------+-------+-------+-------+-------++-------
  Melee: Falchion          |    91 |    39 |       |       |       |       ||   130
         Short sword       |       |    80 |       |       |       |       ||    80
         Scimitar          |       |    21 |   190 |   245 |   469 |       ||   925
         Tailslap          |       |       |       |     4 |     2 |    21 ||    27
         Demon blade       |       |       |       |       |   304 |   774 ||  1078
  Throw: Throwing net      |     1 |       |       |       |       |       ||     1
         Dart              |       |     2 |     8 |       |     1 |     3 ||    14
         Boomerang         |       |       |       |     2 |       |       ||     2
 Invoke: Convert to Beogh  |       |     1 |       |       |       |       ||     1
         Smiting           |       |     1 |     9 |    10 |    28 |    14 ||    62
         Recruit Apostle   |       |       |     2 |     1 |     2 |     2 ||     7
         Recall Apostles   |       |       |     1 |     3 |     8 |    10 ||    22
         Dismiss Apostle   |       |       |       |       |     3 |     3 ||     6
  Evoke: Wand              |       |       |       |       |       |     1 ||     1
    Use: Scroll            |       |     1 |     6 |     5 |    19 |    12 ||    43
         Potion            |       |       |     1 |     1 |       |     2 ||     4
   Stab: Distracted        |       |       |       |     9 |    21 |    18 ||    48
         Sleeping          |       |       |       |     2 |     4 |       ||     6
 Armour: Ring mail         |    41 |    17 |       |       |    14 |   360 ||   432
         Leather armour    |       |    22 |    81 |    79 |   214 |       ||   396
         Troll leather arm |       |       |       |       |    53 |       ||    53
  Dodge: Dodged            |    48 |    68 |   111 |   137 |   425 |   529 ||  1318
  Block: Buckler           |       |       |     8 |    72 |    22 |       ||   102
         Kite shield       |       |       |       |       |   515 |   831 ||  1346
         Reflection        |       |       |       |       |       |    15 ||    15

Table legend: (Time is in decaauts)
 A = Elapsed time spent in this place.
 B = Non-inter-level travel time spent in this place.
 C = Inter-level travel time spent in this place.
 D = Time resting spent in this place.
 E = Time spent auto-exploring this place.
 F = Levels seen in this place.
 G = Mean time per level.
                   A        B        C        D        E       F      G
               +--------+--------+--------+--------+--------+-----+--------+
         Total |  29664 |  28099 |   1565 |   6803 |  14922 |  33 |  898.9 |
       Dungeon |  13913 |  13153 |    760 |   2534 |   7752 |  15 |  927.5 |
        Temple |     45 |     34 |     11 |      0 |     22 |   1 |   45.0 |
          Lair |   7481 |   7091 |    390 |   1821 |   3944 |   5 | 1496.2 |
         Swamp |   3405 |   3265 |    140 |   1524 |   1055 |   4 |  851.2 |
     Snake Pit |   2020 |   1956 |     64 |    501 |    917 |   3 |  673.3 |
  Orcish Mines |   1528 |   1331 |    197 |    153 |    853 |   2 |  764.0 |
       Ossuary |    290 |    290 |      0 |     76 |     44 |   1 |  290.0 |
        Bailey |    464 |    464 |      0 |    106 |    130 |   1 |  464.0 |
      Gauntlet |    514 |    514 |      0 |     88 |    202 |   1 |  514.0 |
               +--------+--------+--------+--------+--------+-----+--------+

Top non-repeatable levels by time:
  Lair:2: 2182 daAuts
  Lair:5: 1847 daAuts
     D:6: 1611 daAuts
  Lair:1: 1535 daAuts
     D:8: 1068 daAuts
    D:15: 1062 daAuts
     D:4: 1060 daAuts
    D:10: 1043 daAuts
    D:14: 1031 daAuts
     D:7: 1028 daAuts
     D:9: 1025 daAuts
    D:13: 994 daAuts
  Lair:4: 986 daAuts
  Lair:3: 928 daAuts
 Swamp:3: 899 daAuts
